 Dungeon Crawl Stone Soup version 0.31.0 (webtiles) character file.

Game seed: 6468623754148390217

7590 qw the Skirmisher (level 11, -9/71 HPs)
             Began as a Gargoyle Hunter on Jan 19, 2024.
             Was a High Priest of Okawaru.
             Mangled by a komodo dragon (22 damage)
             ... on level 11 of the Dungeon.
             The game lasted 00:01:04 (7593 turns).

qw the Skirmisher (Gargoyle Hunter)                 Turns: 7593, Time: 00:01:04

Health: -9/71      AC: 16    Str: 15    XL:     11   Next: 17%
Magic:  16/16      EV: 13    Int: 10    God:    Okawaru [*****.]
Gold:   587        SH:  0    Dex: 17    Spells: 10/10 levels left

rFire   + . .        q - +2 orcbow
rCold   . . .        (shield currently unavailable)
rNeg    + + .        p - +0 troll leather armour
rPois   inf          f - +0 helmet
rElec   +            (no cloak)
rCorr   .            j - +1 pair of gloves
SInv    .            l - +0 pair of boots
Will    .....        n - amulet of regeneration
Stlth   ++           m - ring of positive energy
HPRegen 1.91/turn    r - ring of protection from fire
MPRegen 0.15/turn

%: no passive effects
@: about to teleport
A: sickness immunity, AC +8, negative energy resistance 1, electricity
resistance, torment resistance 1, petrification resistance
a: Renounce Religion, Heroism, Finesse, Duel


You were on level 11 of the Dungeon.
You worshipped Okawaru.
Okawaru was extremely pleased with you.
You visited 1 branch of the dungeon, and saw 11 of its levels.

You collected 587 gold pieces.


Innate Abilities, Weirdness & Mutations

You are immune to sickness and miasma.
Your stone body is resilient. (AC +8)
You are immune to poison.
You resist negative energy. (rN+)
You are resistant to electric shocks. (rElec)
You are resistant to unholy torment.
You are immune to petrification.


   Skills:
 - Level 9.0 Fighting
 + Level 13.3 Ranged Weapons
 - Level 4.8 Armour
 - Level 4.0 Dodging
 - Level 1.1 Stealth
 + Level 7.9 Invocations


You had 10 spell levels left.
You didn't know any spells.
Your spell library was empty.

Inventory:

Hand Weapons
 q - a +2 orcbow (weapon)
Armour
 f - a +0 helmet (worn)
 j - a +1 pair of gloves (worn)
 l - a +0 pair of boots (worn)
 p - a +0 troll leather armour (worn)
Jewellery
 d - a ring of wizardry
 m - a ring of positive energy (left hand)
 n - an amulet of regeneration (around neck)
 o - a ring of ice
 r - a ring of protection from fire (right hand)
 u - a ring of fire
Wands
 e - a wand of charming (12)
 i - a wand of roots (12)
 k - a wand of digging (6)
Scrolls
 c - 2 scrolls of identify
Potions
 a - a potion of magic
 b - 4 potions of enlightenment
 g - a potion of mutation
 h - a potion of curing
 s - a potion of cancellation
 v - 2 potions of haste

Dungeon Overview and Level Annotations

Branches:
Dungeon (11/15)            Temple (0/1) D:7
   Lair: D:8-11         Orc: D:9-12

Altars:
Fedhas
Gozag
Kikubaaqudgha
Nemelex Xobeh
Okawaru
Qazlal
Sif Muna
Wu Jian
Xom

Shops:
D:10 *


Message History

The killer bee stings you but does no damage. x2
You shoot an arrow.
The arrow completely misses the killer bee.
The killer bee misses you.
The killer bee stings you but does no damage.
You shoot an arrow. The arrow barely misses the killer bee.
The killer bee closely misses you.
You shoot an arrow. The arrow hits the killer bee!
You kill the killer bee!
Okawaru accepts your kill.
You shoot an arrow. The arrow hits the komodo dragon!
The komodo dragon is moderately wounded.
The komodo dragon bites you!
You shoot an arrow. The arrow hits the komodo dragon.
The komodo dragon is heavily wounded.
The komodo dragon bites you!!
You shoot an arrow.
The arrow barely misses the komodo dragon.
The komodo dragon bites you!
You shoot an arrow. The arrow hits the komodo dragon!
The komodo dragon is almost dead.
The komodo dragon bites you!
You shoot an arrow.
The arrow barely misses the komodo dragon.
The komodo dragon bites you!
7590 ||| READING scroll of teleportation.
As you read the scroll of teleportation, it crumbles to dust.
You feel strangely unstable. The komodo dragon barely misses you.
You shoot an arrow.
The arrow closely misses the komodo dragon.
The komodo dragon closely misses you.
You shoot an arrow.
The arrow hits the komodo dragon but does no damage.
The komodo dragon is almost dead.
You shoot an arrow.
The arrow hits the komodo dragon but does no damage.
The komodo dragon is almost dead.
The komodo dragon bites you!!
You die...

#.#....... #..........
#.#........
#.#######...# ?.#
###...### ..# .......#
### .#...#.### #
#.#...#.#.## #
##.#......#@#
######......#.#.#lh.....
)..)).........#.#.......
#####..####.###.#.#####.
#####..#...#.......
##.....(.##.###.#.#
##.##..### .# #.#.#
##...... .# #.#..
......### .# #.# ##


You could see a komodo dragon and a howler monkey.

Vanquished Creatures
  A two-headed ogre (D:7)
  A rust devil (D:7)
  Jeremiah (D:7)
  2 trolls
  12 yaks
  A shadow (D:10)
  A wyvern (D:7)
  Menkaure (D:5)
  5 water moccasins
  3 orc warriors
  A black bear (D:6)
  A sky beast (D:7)
  2 ice beasts (D:8)
  4 centaurs
  4 kobold brigands
  3 bullfrogs
  A gnoll sergeant (D:5)
  8 wights
  14 killer bees
  A howler monkey (D:6)
  A jelly (D:5)
  3 hounds
  3 orc priests
  An iguana (D:6)
  2 sleepcaps
  2 orc wizards
  9 adders
  8 gnolls
  3 shadow imps
  A white imp (D:7)
  2 ribbon worms
  A dart slug (D:4)
  22 orcs
  12 ball pythons
  7 bats
  6 endoplasms
  2 giant cockroaches
  16 goblins
  9 hobgoblins
  8 jackals
  5 quokkas
  5 frilled lizards
  34 kobolds
  9 rats
238 creatures vanquished.

Notes
Turn   | Place    | Note
-------+----------+-------------------------------------------
     0 | D:1      | qw the Gargoyle Hunter began the quest for the Orb.
     0 | D:1      | Reached XP level 1. HP: 12/12 MP: 1/1
     0 | D:1      | 0 ||| qw: Version: 0.3-a-132-g3d54051
     0 | D:1      | 0 ||| qw: Game counter: 365
     0 | D:1      | 0 ||| qw: Melee chars always use a shield: true
     0 | D:1      | 0 ||| qw: God list: Okawaru
     0 | D:1      | 0 ||| qw: Allow faded altars: false
     0 | D:1      | 0 ||| qw: Do Orc after clearing Dungeon:15 true
     0 | D:1      | 0 ||| qw: Do second Lair branch before Depths: true
     0 | D:1      | 0 ||| qw: Lair rune preference: random
     0 | D:1      | 0 ||| qw: Goals: Normal
     0 | D:1      | 0 ||| PLANNING D:1-11
   158 | D:1      | Reached XP level 2. HP: 17/17 MP: 2/2
   353 | D:1      | Reached XP level 3. HP: 21/21 MP: 3/3
   367 | D:1      | Reached skill level 5 in Ranged Weapons
   637 | D:1      | 637 ||| UPGRADING to +1 hat.
   642 | D:1      | 642 ||| READING scroll labelled DAOHISETZA.
   643 | D:1      | 643 ||| READING scroll labelled VYSUUH RAUSEM.
   644 | D:1      | 644 ||| READING scroll labelled KEIZOU BYIPN.
   645 | D:1      | 645 ||| READING scroll labelled JIMAFI UPUE.
   646 | D:1      | 646 ||| READING scroll labelled OSUTSIQ JIOHI.
   649 | D:1      | 649 ||| DROPPING scroll of butterflies.
   659 | D:2      | 659 ||| STAIRDANCE
  1065 | D:2      | Reached skill level 3 in Fighting
  1183 | D:2      | Reached XP level 4. HP: 27/28 MP: 4/4
  1425 | D:2      | 1425 ||| UPGRADING to +0 ring mail.
  1435 | D:2      | 1435 ||| DROPPING +0 leather armour.
  1436 | D:2      | 1436 ||| UPGRADING to +0 helmet.
  1446 | D:2      | 1446 ||| UPGRADING to +0 pair of gloves.
  1451 | D:2      | 1451 ||| DROPPING +1 hat.
  1452 | D:2      | 1452 ||| READING 3 scrolls labelled AFADIE UVVOOZY.
  1453 | D:2      | 1453 ||| READING scroll labelled POQIVO TEASTARGH.
  1453 | D:2      | 1453 ||| ENCHANTING +0 shortbow.
  1454 | D:2      | 1454 ||| READING scroll labelled RODDIV NOUNU.
  1454 | D:2      | 1454 ||| IDENTIFYING golden potion
  1455 | D:2      | 1455 ||| DRINKING 4 bubbling emerald potions.
  1456 | D:2      | 1456 ||| DRINKING 2 bubbling grey potions.
  1457 | D:2      | 1457 ||| DROPPING 2 scrolls of revelation.
  1486 | D:3      | 1486 ||| STAIRDANCE
  1488 | D:2      | 1488 ||| FLEEEEING.
  1545 | D:3      | Reached skill level 1 in Armour
  1826 | D:3      | Reached XP level 5. HP: 32/32 MP: 5/5
  1858 | D:3      | Found an ancient bone altar of Kikubaaqudgha.
  2120 | D:3      | 2120 ||| READING scroll of identify.
  2120 | D:3      | 2120 ||| IDENTIFYING glowing yellow potion
  2121 | D:3      | 2121 ||| DRINKING potion of experience.
  2121 | D:3      | Reached skill level 13 in Ranged Weapons
  2121 | D:3      | Reached XP level 6. HP: 37/37 MP: 6/6
  2122 | D:3      | 2122 ||| READING scroll labelled QEHYSI YFUMN.
  2122 | D:3      | 2122 ||| ENCHANTING +0 pair of gloves.
  2123 | D:3      | 2123 ||| READING scroll labelled UQUCURUNTO.
  2124 | D:3      | 2124 ||| FLEEEEING.
  2234 | D:3      | 2234 ||| DRINKING 2 pink potions.
  2430 | D:4      | 2430 ||| FLEEEEING.
  2987 | D:4      | 2987 ||| UPGRADING to amulet of regeneration.
  2992 | D:4      | 2992 ||| READING scroll of identify.
  2992 | D:4      | 2992 ||| IDENTIFYING fizzy red potion
  2993 | D:4      | 2993 ||| READING scroll labelled EDEHAITIOB.
  2994 | D:4      | 2994 ||| READING scroll labelled OXTOSK LIXOITAESM.
  2994 | D:4      | 2994 ||| BRANDING +1 shortbow.
  2995 | D:4      | 2995 ||| DROPPING potion of invisibility.
  3014 | D:5      | Entered Level 5 of the Dungeon
  3059 | D:5      | Found an iron altar of Okawaru.
  3059 | D:5      | Found a shimmering altar of Xom.
  3060 | D:5      | 3060 ||| PLANNING OKAWARU WORSHIP
  3070 | D:5      | Became a worshipper of Warmaster Okawaru
  3071 | D:5      | 3071 ||| PLANNING D:1-11
  3136 | D:5      | 3136 ||| RETREEEEATING.
  3142 | D:5      | 3142 ||| RETREEEEATING.
  3154 | D:5      | Reached XP level 7. HP: 42/43 MP: 7/7
  3285 | D:5      | Noticed Menkaure
  3287 | D:5      | Killed Menkaure
  3426 | D:5      | Found a blossoming altar of Fedhas.
  3528 | D:5      | Found an ornate altar of the Wu Jian Council.
  3538 | D:5      | Found a shimmering blue altar of Sif Muna.
  3600 | D:5      | 3600 ||| UPGRADING to ring of positive energy.
  3601 | D:5      | 3601 ||| READING scroll labelled JOWORILEPS.
  3688 | D:6      | Reached * piety under Okawaru
  3713 | D:6      | Reached skill level 1 in Invocations
  3724 | D:6      | 3724 ||| SWAPPING to +0 orcbow.
  3725 | D:6      | 3725 ||| DROPPING +1 shortbow of freezing.
  3777 | D:6      | Reached XP level 8. HP: 49/49 MP: 7/9
  3777 | D:6      | 3777 ||| FLEEEEING.
  3834 | D:6      | 3834 ||| FLEEEEING.
  4020 | D:6      | 4020 ||| DRINKING 2 potions of curing.
  4020 | D:6      | 4020 ||| (to cure confusion)
  4032 | D:6      | Reached ** piety under Okawaru
  4034 | D:6      | 4034 ||| FLEEEEING.
  4045 | D:6      | 4045 ||| FLEEEEING.
  4123 | D:6      | 4123 ||| UPGRADING to ring of protection from fire.
  4124 | D:6      | 4124 ||| READING scroll of identify.
  4124 | D:6      | 4124 ||| IDENTIFYING murky dark potion
  4125 | D:6      | 4125 ||| DROPPING potion of attraction.
  4167 | D:7      | Noticed a rust devil
  4208 | D:7      | Noticed a wyvern
  4209 | D:7      | 4209 ||| INVOKING Heroism.
  4219 | D:7      | Killed a wyvern
  4220 | D:7      | Reached skill level 6 in Fighting
  4220 | D:7      | Reached skill level 3 in Invocations
  4350 | D:7      | Found a staircase to the Ecumenical Temple.
  4368 | D:7      | Noticed an angel
  4400 | D:7      | HP: 12/51 [wight/+1 short sword (4)]
  4401 | D:7      | 4401 ||| READING 4 scrolls of teleportation.
  4403 | D:7      | 4403 ||| DRINKING 2 potions of heal wounds.
  4446 | D:7      | Reached skill level 3 in Armour
  4455 | D:7      | Reached XP level 9. HP: 53/55 MP: 11/11
  4592 | D:7      | Noticed a two-headed ogre
  4593 | D:7      | 4593 ||| INVOKING Heroism.
  4601 | D:7      | HP: 4/55 [two-headed ogre/+3 dire flail (20)]
  4602 | D:7      | 4602 ||| READING 3 scrolls of teleportation.
  4603 | D:7      | 4603 ||| DRINKING potion of heal wounds.
  4605 | D:7      | Killed a two-headed ogre
  4605 | D:7      | Reached *** piety under Okawaru
  4620 | D:7      | 4620 ||| FLEEEEING.
  4668 | D:7      | Noticed Jeremiah
  4669 | D:7      | 4669 ||| INVOKING Heroism.
  4682 | D:7      | 4682 ||| READING 2 scrolls of identify.
  4682 | D:7      | 4682 ||| IDENTIFYING lumpy ruby potion
  4693 | D:7      | 4693 ||| READING scroll of identify.
  4693 | D:7      | 4693 ||| IDENTIFYING metallic green potion
  4697 | D:7      | 4697 ||| FLEEEEING.
  4698 | D:7      | 4698 ||| FLEEEEING.
  4710 | D:7      | 4710 ||| INVOKING Heroism.
  4725 | D:7      | 4725 ||| READING scroll labelled PUTIAX NOFIOK.
  4736 | D:7      | 4736 ||| DRINKING 2 amethyst potions.
  4738 | D:7      | 4738 ||| ZAPPING wand of acid (1) at 1,4 (Jeremiah; floor).
  4739 | D:7      | 4739 ||| INVOKING Heroism.
  4750 | D:7      | 4750 ||| DROPPING potion of brilliance.
  4768 | D:7      | 4768 ||| INVOKING Heroism.
  4788 | D:7      | 4788 ||| INVOKING Heroism.
  4789 | D:7      | HP: 9/56 [Jeremiah/divine providence (15)]
  4790 | D:7      | 4790 ||| READING 2 scrolls of teleportation.
  4804 | D:7      | 4804 ||| FLEEEEING.
  4963 | D:7      | 4963 ||| INVOKING Heroism.
  4991 | D:7      | Killed Jeremiah
  5139 | D:7      | Killed a rust devil
  5140 | D:7      | Reached skill level 3 in Dodging
  5163 | D:8      | 5163 ||| STAIRDANCE
  5179 | D:7      | Reached XP level 10. HP: 45/64 MP: 13/13
  5198 | D:8      | 5198 ||| STAIRDANCE
  5206 | D:7      | HP: 12/64 [yak (12)]
  5207 | D:7      | 5207 ||| READING scroll of teleportation.
  5211 | D:7      | 5211 ||| FLEEEEING.
  5285 | D:8      | 5285 ||| RETREEEEATING.
  5286 | D:8      | 5286 ||| RETREEEEATING.
  5287 | D:8      | 5287 ||| STAIRDANCE
  5301 | D:8      | 5301 ||| STAIRDANCE
  5318 | D:7      | 5318 ||| FLEEEEING.
  5342 | D:8      | Reached **** piety under Okawaru
  5453 | D:8      | 5453 ||| RETREEEEATING.
  5454 | D:8      | 5454 ||| RETREEEEATING.
  5455 | D:8      | 5455 ||| RETREEEEATING.
  5569 | D:8      | Found an opulent altar of Gozag.
  5612 | D:8      | Reached skill level 6 in Invocations
  5790 | D:8      | 5790 ||| UPGRADING to +0 pair of boots.
  5795 | D:8      | 5795 ||| READING scroll of identify.
  5795 | D:8      | 5795 ||| IDENTIFYING bubbling white potion
  5877 | D:9      | 5877 ||| FLEEEEING.
  5988 | D:9      | Reached skill level 9 in Fighting
  6064 | D:9      | Reached ***** piety under Okawaru
  6356 | D:9      | Found a flagged portal.
  6366 | D:9      | 6366 ||| READING scroll of enchant weapon.
  6366 | D:9      | 6366 ||| ENCHANTING +0 orcbow.
  6587 | D:9      | 6587 ||| FLEEEEING.
  6588 | D:9      | 6588 ||| FLEEEEING.
  6739 | D:9      | 6739 ||| UPGRADING to +0 troll leather armour.
  6749 | D:9      | 6749 ||| DROPPING +0 ring mail.
  6750 | D:9      | 6750 ||| READING scroll of identify.
  6750 | D:9      | 6750 ||| IDENTIFYING fizzy pink potion
  6751 | D:9      | 6751 ||| DROPPING potion of lignification.
  6765 | D:10     | Entered Level 10 of the Dungeon
  6775 | D:10     | Found a stormy altar of Qazlal.
  7001 | D:10     | Found a sparkling altar of Nemelex Xobeh.
  7050 | D:10     | 7050 ||| RETREEEEATING.
  7053 | D:10     | 7053 ||| INVOKING Finesse.
  7079 | D:10     | Received a gift from Okawaru
  7080 | D:10     | Reached XP level 11. HP: 61/71 MP: 11/16
  7130 | D:10     | 7130 ||| READING scroll of enchant weapon.
  7130 | D:10     | 7130 ||| ENCHANTING +1 orcbow.
  7181 | D:10     | 7181 ||| FLEEEEING.
  7247 | D:10     | Found Kidwiwad's Serpentskin Sales.
  7437 | D:11     | 7437 ||| STAIRDANCE
  7589 | D:11     | HP: 6/71 [komodo dragon (14)]
  7590 | D:11     | 7590 ||| READING scroll of teleportation.
  7593 | D:11     | Mangled by a komodo dragon

Levels and vault maps discovered:
D:1:      ebering_hopf_link, layout_loops_ring, minmay_crystal_room,
          serial_bayou_pond_b
D:2:      layout_loops_ring
D:3:      layout_basic, kiku_gazebo_garden_becter
D:4:      minmay_wonky_spiral, layout_basic
D:5:      layout_gridville, chequers_temple_overflow_statue_of_worship,
          fedhas_altar_3, minitemple, uniq_crazy_yiuf_cottage, uniq_menkaure
D:6:      layout_cave_pools, minmay_crystal_water
D:7:      layout_gridville, temple_garden, uniq_jeremiah
D:8:      layout_rooms, nicolae_overflow_crystal_walls
D:9:      layout_basic, enter_bailey_3, minivault_19
D:10:     layout_roguey, nicolae_qazlal_eye_of_the_storm, nemelex_altar_shiori,
          guppyfry_shop_venom
D:11:     layout_loops_cross, lair_entry_dummy

Skill      XL: |  1  2  3  4  5  6  7  8  9 10 11 |
---------------+----------------------------------+-----
Ranged Weapons | 5 13 | 13.3
Fighting       | 3 4 5 6 8 9 |  9.0
Armour         | 1 2 3 4 |  4.8
Dodging        | 2 3 4 |  4.0
Invocations    | 1 3 4 7 |  7.9
Stealth        | |  1.1

Action                     |  1- 3 |  4- 6 |  7- 9 | 10-12 || total
---------------------------+-------+-------+-------+-------++-------
   Fire: Shortbow          |   123 |   188 |    51 |       ||   362
         Orcbow            |       |       |   217 |   494 ||   711
 Invoke: Heroism           |       |       |     8 |       ||     8
         Finesse           |       |       |       |     1 ||     1
  Evoke: Wand              |       |       |     1 |       ||     1
    Use: Scroll            |     5 |     9 |     8 |     6 ||    28
         Potion            |       |     4 |     4 |       ||     8
 Armour: Leather armour    |    32 |     1 |       |       ||    33
         Ring mail         |       |    32 |    98 |   223 ||   353
         Troll leather arm |       |       |       |   101 ||   101
  Dodge: Dodged            |    20 |    23 |    69 |   318 ||   430

Table legend:
 A = Non-vault XP
 B = Vault XP
 C = Vault XP percentage of total XP
 D = Non-vault monster count
 E = Vault monster count
 F = Vault count percentage of total count
                 A         B        C        D         E       F
            +---------+---------+-------+---------+---------+-------
      Total |    9375 |    1301 |  12.2 |     219 |      19 |   8.0
            +---------+---------+-------+---------+---------+-------
        D:1 |      36 |       9 |  20.0 |      22 |       6 |  21.4
        D:2 |      48 |       0 |   0.0 |      19 |       0 |   0.0
        D:3 |      88 |       0 |   0.0 |      25 |       0 |   0.0
        D:4 |     156 |       9 |   5.5 |      21 |       3 |  12.5
        D:5 |     296 |     172 |  36.8 |      17 |       1 |   5.6
        D:6 |     779 |       0 |   0.0 |      17 |       0 |   0.0
        D:7 |    2325 |     792 |  25.4 |      18 |       2 |  10.0
        D:8 |    1631 |       0 |   0.0 |      20 |       0 |   0.0
        D:9 |    1837 |       7 |   0.4 |      31 |       4 |  11.4
       D:10 |    1750 |     312 |  15.1 |      10 |       3 |  23.1
       D:11 |     429 |       0 |   0.0 |      19 |       0 |   0.0
            +---------+---------+-------+---------+---------+-------
